National vs River Rats

Created - 19 mars 2013 at 18:58

Goals
1 2 3 T
National 0 0 3 3
River Rats 2 1 3 6
Shots
1 2 3 T
National 4 9 22 35
River Rats 16 10 9 35

1st period

1. River Rats , Benn Ferriero 7 (Bryan Bickell, Andrej Meszaros) at 3:55
2. River Rats , Kyle Chipchura 4 (Trent Hunter, Jesse Joensuu) at 13:36

Penalties :
Maksim Mayorov (Que) for Holding (Minor) at 7:34

2nd period

3. River Rats , Dustin Boyd 31 (Vladimir Orszagh, Lee Stempniak) at 18:14 (PP)

Penalties :
Erik Gustafsson (Que) for Hooking (Minor) at 5:17, Barry Brust (Alb) for Unsportsmanlike conduct (Major / Game Misconduct) at 5:58 - Jonathan Ericsson served the penalty, William Colbert (Que) for Tripping (Minor) at 18:06

3rd period

4. River Rats , Mikael Renberg 23 (Martin Grenier, Niklas Hjalmarsson) at 1:29
5. National , Cédric Lalonde-McNicoll 10 (Jan Hejda) at 5:47
6. National , Jonathan Cheechoo 29 (Jan Hejda, Rico Fata) at 5:57
7. River Rats , Martin Grenier 8 (Bryan Bickell, Benn Ferriero) at 15:25
8. River Rats , Dustin Boyd 32 (Jonathan Ericsson) at 17:00
9. National , Jonathan Cheechoo 30 (Rico Fata, Jan Hejda) at 18:56 (PP)

Penalties :
Dustin Boyd (Alb) for Roughing (Minor) at 3:06, Dustin Boyd (Alb) for Fighting (Major) at 18:44, William Colbert (Que) for Fighting (Major) at 18:44, Dustin Boyd (Alb) for instigated a fight (Minor) at 18:44, Dustin Boyd (Alb) for instigated a fight (10 Minutes Misconduct) at 18:44

Goalie Stats

Steve Shields (Que), 29 saves from 35 shots - (0,829), L, 13-19-5, 60:00 minutes
Barry Brust (Alb), 7 saves from 7 shots - (1,000), 25:58 minutes
Jeff Glass (Alb), 25 saves from 28 shots - (0,893), W, 13-16-4, 34:02 minutes

Players Stats for National

Player Name              G  A  P  +/- PIM S  H  SB GA TA FO     MP     PP MP  PK MP  
------------------------------------------------------------------------------------
Alex Grant               0  0  0   0  0   0  0  0  0  0  0/0     0:00   0:00   0:00 
Cédric Lalonde-McNicoll  1  0  1  -1  0   1  3  0  0  0  9/18   19:31   2:23   0:14 
Daniel Rahimi            0  0  0   0  0   0  0  0  0  0  0/0     5:38   0:00   0:00 
Dustin Kohn              0  0  0  -1  0   0  3  0  0  1  0/0    18:30   2:02   1:02 
Erik Gustafsson          0  0  0  -1  2   0  0  1  0  0  0/0     8:48   0:00   0:08 
Guillaume Desbiens       0  0  0  -1  0   7  2  1  0  0  1/1    19:59   2:23   0:41 
Igor Makarov             0  0  0  -1  0   1  2  0  0  0  0/1    13:21   0:38   0:41 
James Marcou             0  0  0  -1  0   0  1  1  0  0  1/1    11:09   0:21   0:00 
Jan Hejda                0  3  3  -1  0   9  2  0  2  3  0/0    26:46   3:29   1:46 
Jarod Palmer             0  0  0   0  0   1  2  0  0  0  15/27  16:03   2:51   0:00 
Jonathan Cheechoo        2  0  2  -1  0   6  1  0  0  0  1/4    25:45   2:51   1:44 
Maksim Mayorov           0  0  0  -1  2   0  1  0  0  0  2/2    19:17   2:23   0:00 
Mathieu Carle            0  0  0  -1  0   0  1  1  0  2  0/0    18:30   2:02   1:02 
Pasi Salonen             0  0  0   0  0   0  0  0  0  0  0/0     1:13   0:17   0:14 
Peter Leblanc            0  0  0  -1  0   0  0  0  0  0  5/6     9:41   0:17   0:31 
Philip DeSimone          0  0  0  -1  0   0  2  2  1  0  2/6    12:38   0:21   0:00 
Rico Fata                0  2  2  -1  0   5  1  3  1  1  5/8    27:16   2:51   1:31 
Ty Wishart               0  0  0  -1  0   1  1  0  0  1  0/0    10:07   0:33   0:00 
William Colbert          0  0  0  -1  7   4  1  3  1  1  0/0    25:35   3:17   1:38 
Yuri Alexandrov          0  0  0   0  0   0  1  1  0  0  0/0     6:03   0:21   0:00 

Players Stats for River Rats

Player Name              G  A  P  +/- PIM S  H  SB GA TA FO     MP     PP MP  PK MP  
------------------------------------------------------------------------------------
Andrej Meszaros          0  1  1   2  0   1  3  4  1  0  0/0    19:11   2:06   1:26 
Andy Greene              0  0  0   1  0   6  0  1  0  0  0/0    13:44   0:00   0:48 
Benn Ferriero            1  1  2   2  0   1  3  0  0  0  2/3    11:28   0:00   0:00 
Brett Maclean            0  0  0   0  0   1  0  0  0  0  0/0    14:24   1:10   0:12 
Bryan Bickell            0  2  2   2  0   1  1  0  1  0  0/2    13:05   0:00   1:07 
Dustin Boyd              2  0  2   0  19  4  1  3  1  0  20/41  20:32   1:38   1:04 
Jay Beagle               0  0  0   2  0   2  0  0  0  0  0/0    11:28   0:00   0:00 
Jesse Joensuu            0  1  1   1  0   1  0  0  0  0  0/1     7:23   0:00   0:00 
Jonathan Ericsson        0  1  1   2  0   0  2  5  0  1  0/0    18:16   2:06   1:28 
Kyle Chipchura           1  0  1   1  0   1  0  1  0  1  4/9    10:44   0:00   3:20 
Lee Stempniak            0  1  1   0  0   1  2  2  0  0  0/1    22:31   1:38   1:40 
Martin Grenier           1  1  2   0  0   3  5  2  1  1  0/0    26:27   0:42   2:18 
Matt Jones               0  0  0   1  0   2  1  1  1  1  0/0    15:18   0:00   2:02 
Mikael Renberg           1  0  1   0  0   3  0  1  2  0  0/0    17:38   1:10   3:25 
Niklas Hjalmarsson       0  1  1   0  0   0  3  3  0  1  0/0    27:08   0:42   3:42 
Trent Hunter             0  1  1   1  0   4  0  0  1  0  0/0     7:23   0:00   0:00 
Tyler Bozak              0  0  0   0  0   3  4  1  0  0  7/17   16:13   1:10   0:56 
Vladimir Orszagh         0  1  1   0  0   1  3  0  1  0  0/0    19:55   1:38   0:00 

3 Stars

1 - Benn Ferriero (Alb)
2 - Martin Grenier (Alb)
3 - Jonathan Cheechoo (Que)

Power Play

National - 1 on 3 Attempt(s) - 33,33%
River Rats - 1 on 3 Attempt(s) - 33,33%

Penalty Kill

National - 2 on 3 Attempt(s) - 66,67% - Score 0 goal in Penalty Kill
River Rats - 2 on 3 Attempt(s) - 66,67% - Score 0 goal in Penalty Kill

Official

Referees : Walkom Stephen and McCauley Wes
Linesman : Brad Lazarowich and Brad Kovachik

Game Notes

Barry Brust ejected from game at 5:58 of 2nd period
Jeff Glass enters game at 5:58 of 2nd period
Dustin Boyd beats up William Colbert at 18:44 of 3rd period

National

5 vs 5 Forward 
   Center                   Left Wing                Right Wing               Time % Phy DF OF 
 1 Jarod Palmer             Rico Fata                Jonathan Cheechoo        40     1   2  2  
 2 Cédric Lalonde-McNicoll  Maksim Mayorov           Guillaume Desbiens       30     1   2  2  
 3 Philip DeSimone          Rico Fata                Igor Makarov             20     1   2  2  
 4 Peter Leblanc            Jonathan Cheechoo        James Marcou             10     1   2  2  

5 vs 5 Defense 
   Defense                  Defense                                           Time % Phy DF OF 
 1 Jan Hejda                William Colbert                                   40     1   2  2  
 2 Mathieu Carle            Dustin Kohn                                       30     1   2  2  
 3 Ty Wishart               Erik Gustafsson                                   20     1   2  2  
 4 Daniel Rahimi            Yuri Alexandrov                                   10     1   2  2  

PowerPlay Forward 
   Center                   Left Wing                Right Wing               Time % Phy DF OF 
 1 Jarod Palmer             Rico Fata                Jonathan Cheechoo        60     1   2  2  
 2 Cédric Lalonde-McNicoll  Maksim Mayorov           Guillaume Desbiens       40     1   2  2  

PowerPlay Defense
   Defense                  Defense                                           Time % Phy DF OF 
 1 Jan Hejda                William Colbert                                   60     1   2  2  
 2 Mathieu Carle            Dustin Kohn                                       40     1   2  2  

Penalty Kill 4 Players Forward 
   Center                   Wing                     Time % Phy DF OF 
 1 Rico Fata                Jonathan Cheechoo        60     1   2  2  
 2 Guillaume Desbiens       Igor Makarov             40     1   2  2  

Penalty Kill 4 Players Defense
   Defense                  Defense                  Time % Phy DF OF 
 1 Jan Hejda                William Colbert          60     1   2  2  
 2 Mathieu Carle            Dustin Kohn              40     1   2  2  

Penalty Kill - 3 Players Forward 
   Forward                                           Time % Phy DF OF 
 1 Rico Fata                                         60     1   2  2  
 2 Jonathan Cheechoo                                 40     1   2  2  

Penalty Kill - 3 Players Defense
   Defense                  Defense                  Time % Phy DF OF 
 1 Jan Hejda                William Colbert          60     1   2  2  
 2 Mathieu Carle            Dustin Kohn              40     1   2  2  

4 vs 4 Forward 
   Center                   Wing                     Time % Phy DF OF 
 1 Rico Fata                Jonathan Cheechoo        60     1   2  2  
 2 Guillaume Desbiens       Igor Makarov             40     1   2  2  

4 vs 4 Defense
   Defense                  Defense                  Time % Phy DF OF 
 1 Jan Hejda                William Colbert          60     1   2  2  
 2 Mathieu Carle            Dustin Kohn              40     1   2  2  

Last Minutes Offensive
   Center                   Left Wing                Right Wing               Defense                  Defense                  
   Jarod Palmer             Rico Fata                Jonathan Cheechoo        Jan Hejda                William Colbert          

Last Minutes Defensive
   Center                   Left Wing                Right Wing               Defense                  Defense                  
   Jarod Palmer             Rico Fata                Jonathan Cheechoo        Jan Hejda                William Colbert          

Goaltenders
Starting : Steve Shields            
Backup : Jeff Frazee              

Extra Forwards
Normal : Philip DeSimone, James Marcou, Peter Leblanc - PP : Philip DeSimone, James Marcou - PK : Peter Leblanc
Extra Defensemen
Normal : Ty Wishart, Erik Gustafsson, Daniel Rahimi - PP : Ty Wishart - PK : Erik Gustafsson, Daniel Rahimi
Penalty Shots
Rico Fata, Jonathan Cheechoo, Guillaume Desbiens, Igor Makarov, Jarod Palmer

River Rats

5 vs 5 Forward 
   Center                   Left Wing                Right Wing               Time % Phy DF OF 
 1 Dustin Boyd              Vladimir Orszagh         Lee Stempniak            40     0   2  3  
 2 Tyler Bozak              Brett Maclean            Mikael Renberg           30     0   2  3  
 3 Benn Ferriero            Bryan Bickell            Jay Beagle               20     1   2  2  
 4 Kyle Chipchura           Jesse Joensuu            Trent Hunter             10     1   2  2  

5 vs 5 Defense 
   Defense                  Defense                                           Time % Phy DF OF 
 1 Niklas Hjalmarsson       Martin Grenier                                    40     1   2  2  
 2 Jonathan Ericsson        Andrej Meszaros                                   30     1   2  2  
 3 Matt Jones               Andy Greene                                       20     1   2  2  
 4 Andy Greene              Matt Jones                                        10     1   2  2  

PowerPlay Forward 
   Center                   Left Wing                Right Wing               Time % Phy DF OF 
 1 Dustin Boyd              Vladimir Orszagh         Lee Stempniak            60     1   2  2  
 2 Tyler Bozak              Brett Maclean            Mikael Renberg           40     1   2  2  

PowerPlay Defense
   Defense                  Defense                                           Time % Phy DF OF 
 1 Andrej Meszaros          Jonathan Ericsson                                 60     1   2  2  
 2 Niklas Hjalmarsson       Martin Grenier                                    40     1   2  2  

Penalty Kill 4 Players Forward 
   Center                   Wing                     Time % Phy DF OF 
 1 Kyle Chipchura           Mikael Renberg           60     1   2  2  
 2 Dustin Boyd              Lee Stempniak            40     1   2  2  

Penalty Kill 4 Players Defense
   Defense                  Defense                  Time % Phy DF OF 
 1 Jonathan Ericsson        Niklas Hjalmarsson       60     1   2  2  
 2 Matt Jones               Martin Grenier           40     1   2  2  

Penalty Kill - 3 Players Forward 
   Forward                                           Time % Phy DF OF 
 1 Kyle Chipchura                                    60     1   2  2  
 2 Mikael Renberg                                    40     1   2  2  

Penalty Kill - 3 Players Defense
   Defense                  Defense                  Time % Phy DF OF 
 1 Martin Grenier           Niklas Hjalmarsson       60     1   2  2  
 2 Matt Jones               Jonathan Ericsson        40     1   2  2  

4 vs 4 Forward 
   Center                   Wing                     Time % Phy DF OF 
 1 Tyler Bozak              Lee Stempniak            60     1   2  2  
 2 Dustin Boyd              Vladimir Orszagh         40     1   2  2  

4 vs 4 Defense
   Defense                  Defense                  Time % Phy DF OF 
 1 Andrej Meszaros          Jonathan Ericsson        60     1   2  2  
 2 Niklas Hjalmarsson       Martin Grenier           40     1   2  2  

Last Minutes Offensive
   Center                   Left Wing                Right Wing               Defense                  Defense                  
   Dustin Boyd              Vladimir Orszagh         Lee Stempniak            Jonathan Ericsson        Martin Grenier           

Last Minutes Defensive
   Center                   Left Wing                Right Wing               Defense                  Defense                  
   Dustin Boyd              Vladimir Orszagh         Lee Stempniak            Jonathan Ericsson        Martin Grenier           

Goaltenders
Starting : Barry Brust              
Backup : Jeff Glass               

Extra Forwards
Normal : Bryan Bickell, Brett Maclean, Mikael Renberg - PP : Bryan Bickell, Brett Maclean - PK : Lee Stempniak
Extra Defensemen
Normal : Martin Grenier, Matt Jones, Andrej Meszaros - PP : Andy Greene - PK : Matt Jones, Andrej Meszaros
Penalty Shots
Lee Stempniak, Mikael Renberg, Dustin Boyd, Brett Maclean, Benn Ferriero

% Time on Ice - National

Lines # - Real PCT - Wanted PCT - Time Play
Normal Forward
1 - 26% - 40% - 13:12
2 - 34% - 30% - 16:55
3 - 24% - 20% - 11:48
4 - 16% - 10% - 8:07
Normal Defense
1 - 41% - 40% - 20:31
2 - 30% - 30% - 15:12
3 - 17% - 20% - 8:41
4 - 11% - 10% - 5:38
PP Forward
1 - 59% - 60% - 3:29
2 - 41% - 40% - 2:23
PP Defense
1 - 65% - 60% - 3:50
2 - 35% - 40% - 2:02
PK Forward
1 - 76% - 60% - 2:07
2 - 24% - 40% - 0:41
PK Defense
1 - 63% - 60% - 1:46
2 - 37% - 40% - 1:02
PK3 Forward
1 - 0% - 60%
2 - 0% - 40%
PK3 Defense
1 - 0% - 60%
2 - 0% - 40%
44 Forward
1 - 83% - 60% - 1:05
2 - 17% - 40% - 0:13
44 Defense
1 - 82% - 60% - 1:04
2 - 18% - 40% - 0:14
Last Minute Offensive  - 0:00
Last Minute Defensive  - 0:00
Total
Forward - 60:00
Defense - 60:00

% Time on Ice - River Rats

Lines # - Real PCT - Wanted PCT - Time Play
Normal Forward
1 - 36% - 40% - 18:05
2 - 26% - 30% - 13:06
3 - 23% - 20% - 11:28
4 - 15% - 10% - 7:23
Normal Defense
1 - 44% - 40% - 21:47
2 - 31% - 30% - 15:19
3 - 19% - 20% - 9:39
4 - 7% - 10% - 3:17
PP Forward
1 - 58% - 60% - 1:38
2 - 42% - 40% - 1:10
PP Defense
1 - 75% - 60% - 2:06
2 - 25% - 40% - 0:42
PK Forward
1 - 82% - 60% - 4:48
2 - 18% - 40% - 1:04
PK Defense
1 - 70% - 60% - 4:06
2 - 30% - 40% - 1:46
PK3 Forward
1 - 0% - 60%
2 - 0% - 40%
PK3 Defense
1 - 0% - 60%
2 - 0% - 40%
44 Forward
1 - 83% - 60% - 1:05
2 - 17% - 40% - 0:13
44 Defense
1 - 78% - 60% - 1:01
2 - 22% - 40% - 0:17
Last Minute Offensive  - 0:00
Last Minute Defensive  - 0:00
Total
Forward - 60:00
Defense - 60:00

Play by Play

1st period


0:01 of 1st period - Dustin Boyd wins face-off versus Jonathan Cheechoo in neutral zone.
0:04 of 1st period - Wrist shot by Dustin Boyd.
0:04 of 1st period - Shot Misses the Net.
0:25 of 1st period - Cédric Lalonde-McNicoll is hit by Martin Grenier and loses puck.
0:52 of 1st period - Snap shot by Benn Ferriero.
0:52 of 1st period - Shot Misses the Net.
1:21 of 1st period - Icing by Igor Makarov.
1:22 of 1st period - Dustin Boyd wins face-off versus Igor Makarov in National zone.
1:31 of 1st period - Slapshot by Dustin Boyd.
1:31 of 1st period - Deflect By Lee Stempniak.
1:31 of 1st period - Stopped by Steve Shields with a rebound.
1:33 of 1st period - Slapshot by Matt Jones.
1:33 of 1st period - Shot Blocked by Rico Fata.
1:35 of 1st period - Slapshot by Andy Greene.
1:35 of 1st period - Deflect By Rico Fata.
1:35 of 1st period - Stopped by Steve Shields with a rebound.
1:37 of 1st period - Slapshot by Matt Jones.
1:37 of 1st period - Shot Misses the Net.
2:31 of 1st period - William Colbert is hit by Dustin Boyd.
2:35 of 1st period - Slapshot by Dustin Boyd.
2:35 of 1st period - Deflect By Lee Stempniak.
2:35 of 1st period - Shot Blocked by William Colbert.
2:35 of 1st period - Puck is out of play.
2:36 of 1st period - Peter Leblanc wins face-off versus Dustin Boyd in National zone.
2:47 of 1st period - Snap shot by Ty Wishart.
2:47 of 1st period - Stopped by Barry Brust without a rebound.
2:48 of 1st period - Jarod Palmer wins face-off versus Tyler Bozak in River Rats zone.
2:51 of 1st period - Wrist shot by Jan Hejda.
2:51 of 1st period - Shot Blocked by Andy Greene.
2:57 of 1st period - Slapshot by Mikael Renberg.
2:57 of 1st period - Shot Misses the Net.
2:59 of 1st period - Backhand shot by Andy Greene.
2:59 of 1st period - Shot Hit the Post.
3:01 of 1st period - Slapshot by Andy Greene.
3:01 of 1st period - Deflect By Jan Hejda.
3:01 of 1st period - Stopped by Steve Shields with a rebound.
3:03 of 1st period - Wrist shot by Matt Jones.
3:03 of 1st period - Shot Misses the Net.
3:55 of 1st period - Slapshot by Bryan Bickell.
3:55 of 1st period - Deflect By Benn Ferriero.
3:55 of 1st period - Goal by Benn Ferriero - National : 0 - River Rats : 1.
3:56 of 1st period - Jarod Palmer wins face-off versus Tyler Bozak in neutral zone.
4:05 of 1st period - Snap shot by Brett Maclean.
4:05 of 1st period - Stopped by Steve Shields without a rebound.
4:06 of 1st period - Tyler Bozak wins face-off versus Jarod Palmer in National zone.
4:33 of 1st period - Slapshot by Mikael Renberg.
4:33 of 1st period - Stopped by Steve Shields with a rebound.
4:35 of 1st period - Slapshot by Andy Greene.
4:35 of 1st period - Shot Blocked by Yuri Alexandrov.
4:37 of 1st period - Slapshot by Andy Greene.
4:37 of 1st period - Stopped by Steve Shields with a rebound.
4:39 of 1st period - Slapshot by Andy Greene.
4:39 of 1st period - Stopped by Steve Shields without a rebound.
4:40 of 1st period - Dustin Boyd wins face-off versus Cédric Lalonde-McNicoll in National zone.
4:45 of 1st period - Slapshot by Dustin Boyd.
4:45 of 1st period - Stopped by Steve Shields without a rebound.
4:46 of 1st period - Dustin Boyd wins face-off versus Cédric Lalonde-McNicoll in National zone.
4:53 of 1st period - Snap shot by Vladimir Orszagh.
4:53 of 1st period - Shot Misses the Net.
6:05 of 1st period - Slapshot by Vladimir Orszagh.
6:05 of 1st period - Stopped by Steve Shields without a rebound.
6:06 of 1st period - Dustin Boyd wins face-off versus Cédric Lalonde-McNicoll in National zone.
6:15 of 1st period - Slapshot by Dustin Kohn.
6:15 of 1st period - Deflect By Guillaume Desbiens.
6:15 of 1st period - Shot Misses the Net.
6:15 of 1st period - Puck is out of play.
6:16 of 1st period - Cédric Lalonde-McNicoll wins face-off versus Dustin Boyd in River Rats zone.
6:50 of 1st period - Wrist shot by Bryan Bickell.
6:50 of 1st period - Shot Blocked by Mathieu Carle.
7:20 of 1st period - Dustin Kohn is hit by Niklas Hjalmarsson and loses puck.
7:34 of 1st period - Minor Penalty to Maksim Mayorov for Holding.
7:35 of 1st period - Dustin Boyd wins face-off versus Rico Fata in National zone.
8:05 of 1st period - Igor Makarov is hit by Tyler Bozak and loses puck.
8:34 of 1st period - Niklas Hjalmarsson is hit by Dustin Kohn and loses puck.
8:59 of 1st period - Mikael Renberg is hit by Igor Makarov and loses puck.
9:12 of 1st period - Dustin Kohn is hit by Andrej Meszaros and loses puck.
9:34 of 1st period - Penalty to Maksim Mayorov is over, Maksim Mayorov is back on ice.
10:51 of 1st period - Guillaume Desbiens is hit by Matt Jones and loses puck.
11:53 of 1st period - Dustin Kohn is hit by Lee Stempniak.
12:06 of 1st period - Icing by Rico Fata.
12:07 of 1st period - Peter Leblanc wins face-off versus Jesse Joensuu in National zone.
12:13 of 1st period - Slapshot by Martin Grenier.
12:13 of 1st period - Stopped by Steve Shields with a rebound.
12:37 of 1st period - Jonathan Cheechoo is hit by Niklas Hjalmarsson and loses puck.
13:34 of 1st period - Slapshot by Trent Hunter.
13:34 of 1st period - Stopped by Steve Shields with a rebound.
13:36 of 1st period - Wrist shot by Kyle Chipchura.
13:36 of 1st period - Goal by Kyle Chipchura - National : 0 - River Rats : 2.
13:37 of 1st period - Jarod Palmer wins face-off versus Dustin Boyd in neutral zone.
14:02 of 1st period - Niklas Hjalmarsson is hit by Jan Hejda and loses puck.
14:07 of 1st period - Wrist shot by Guillaume Desbiens.
14:07 of 1st period - Stopped by Barry Brust with a rebound.
14:09 of 1st period - Wrist shot by Guillaume Desbiens.
14:09 of 1st period - Stopped by Barry Brust without a rebound.
14:10 of 1st period - Cédric Lalonde-McNicoll wins face-off versus Dustin Boyd in River Rats zone.
14:13 of 1st period - Wrist shot by Guillaume Desbiens.
14:13 of 1st period - Shot Blocked by Andrej Meszaros.
14:15 of 1st period - Snap shot by Guillaume Desbiens.
14:15 of 1st period - Stopped by Barry Brust without a rebound.
14:16 of 1st period - Dustin Boyd wins face-off versus Cédric Lalonde-McNicoll in River Rats zone.
15:07 of 1st period - Wrist shot by Jay Beagle.
15:07 of 1st period - Stopped by Steve Shields with a rebound.
15:11 of 1st period - Slapshot by Jay Beagle.
15:11 of 1st period - Stopped by Steve Shields without a rebound.
15:12 of 1st period - Dustin Boyd wins face-off versus Philip DeSimone in National zone.
15:17 of 1st period - Martin Grenier is hit by Rico Fata and loses puck.
15:50 of 1st period - Snap shot by Benn Ferriero.
15:50 of 1st period - Shot Misses the Net.
16:23 of 1st period - Icing by Mikael Renberg.
16:24 of 1st period - Tyler Bozak wins face-off versus Cédric Lalonde-McNicoll in River Rats zone.
16:54 of 1st period - Bryan Bickell is hit by Jan Hejda and loses puck.
17:15 of 1st period - Wrist shot by Tyler Bozak.
17:15 of 1st period - Deflect By Mikael Renberg.
17:15 of 1st period - Shot Misses the Net.
17:15 of 1st period - Puck is out of play.
17:16 of 1st period - Jarod Palmer wins face-off versus Tyler Bozak in National zone.
17:16 of 1st period - Jarod Palmer is hit by Tyler Bozak.
17:28 of 1st period - Snap shot by Jonathan Cheechoo.
17:28 of 1st period - Shot Misses the Net.
17:38 of 1st period - Snap shot by Brett Maclean.
17:38 of 1st period - Shot Misses the Net.
18:03 of 1st period - Icing by Jonathan Ericsson.
18:04 of 1st period - Benn Ferriero wins face-off versus Jarod Palmer in River Rats zone.
18:04 of 1st period - Benn Ferriero is hit by William Colbert.
18:40 of 1st period - Slapshot by Andrej Meszaros.
18:40 of 1st period - Shot Misses the Net.
18:42 of 1st period - Wrist shot by Andrej Meszaros.
18:42 of 1st period - Stopped by Steve Shields without a rebound.
18:43 of 1st period - Dustin Boyd wins face-off versus Cédric Lalonde-McNicoll in National zone.
18:56 of 1st period - Cédric Lalonde-McNicoll is hit by Martin Grenier and loses puck.
19:22 of 1st period - Martin Grenier is hit by James Marcou and loses puck.

2nd period


0:01 of 2nd period - Rico Fata wins face-off versus Dustin Boyd in neutral zone.
0:08 of 2nd period - Slapshot by Rico Fata.
0:08 of 2nd period - Deflect By Jonathan Cheechoo.
0:08 of 2nd period - Shot Blocked by Niklas Hjalmarsson.
0:08 of 2nd period - Puck is out of play.
0:09 of 2nd period - Dustin Boyd wins face-off versus Jarod Palmer in River Rats zone.
0:26 of 2nd period - Snap shot by Rico Fata.
0:26 of 2nd period - Shot Misses the Net.
1:13 of 2nd period - Off-side.
1:14 of 2nd period - Cédric Lalonde-McNicoll wins face-off versus Tyler Bozak in neutral zone.
1:41 of 2nd period - Off-side.
1:42 of 2nd period - Philip DeSimone wins face-off versus Benn Ferriero in neutral zone.
1:45 of 2nd period - Andrej Meszaros is hit by Philip DeSimone and loses puck.
2:36 of 2nd period - Slapshot by Andrej Meszaros.
2:36 of 2nd period - Shot Misses the Net.
2:38 of 2nd period - Slapshot by Jonathan Ericsson.
2:38 of 2nd period - Shot Misses the Net.
3:04 of 2nd period - Slapshot by Bryan Bickell.
3:04 of 2nd period - Stopped by Steve Shields without a rebound.
3:05 of 2nd period - Jarod Palmer wins face-off versus Dustin Boyd in National zone.
3:30 of 2nd period - Jarod Palmer is hit by Martin Grenier and loses puck.
3:37 of 2nd period - Snap shot by Jesse Joensuu.
3:37 of 2nd period - Shot Misses the Net.
3:39 of 2nd period - Slapshot by Martin Grenier.
3:39 of 2nd period - Deflect By Trent Hunter.
3:39 of 2nd period - Stopped by Steve Shields without a rebound.
3:40 of 2nd period - Guillaume Desbiens wins face-off versus Dustin Boyd in National zone.
3:49 of 2nd period - Slapshot by Cédric Lalonde-McNicoll.
3:49 of 2nd period - Shot Misses the Net.
3:51 of 2nd period - Wrist shot by Guillaume Desbiens.
3:51 of 2nd period - Stopped by Barry Brust without a rebound.
3:52 of 2nd period - Cédric Lalonde-McNicoll wins face-off versus Dustin Boyd in River Rats zone.
3:53 of 2nd period - Slapshot by Jan Hejda.
3:53 of 2nd period - Stopped by Barry Brust without a rebound.
3:54 of 2nd period - Cédric Lalonde-McNicoll wins face-off versus Dustin Boyd in River Rats zone.
3:55 of 2nd period - Slapshot by Guillaume Desbiens.
3:55 of 2nd period - Shot Blocked by Niklas Hjalmarsson.
3:57 of 2nd period - Wrist shot by Cédric Lalonde-McNicoll.
3:57 of 2nd period - Shot Misses the Net.
3:59 of 2nd period - Wrist shot by Cédric Lalonde-McNicoll.
3:59 of 2nd period - Shot Misses the Net.
4:21 of 2nd period - Snap shot by Mikael Renberg.
4:21 of 2nd period - Stopped by Steve Shields with a rebound.
4:23 of 2nd period - Slapshot by Niklas Hjalmarsson.
4:23 of 2nd period - Shot Blocked by William Colbert.
4:41 of 2nd period - Slapshot by Jan Hejda.
4:41 of 2nd period - Shot Blocked by Matt Jones.
4:43 of 2nd period - Snap shot by William Colbert.
4:43 of 2nd period - Deflect By Igor Makarov.
4:43 of 2nd period - Shot Misses the Net.
4:43 of 2nd period - Puck is out of play.
4:44 of 2nd period - Kyle Chipchura wins face-off versus Philip DeSimone in River Rats zone.
4:49 of 2nd period - Wrist shot by Matt Jones.
4:49 of 2nd period - Deflect By Trent Hunter.
4:49 of 2nd period - Stopped by Steve Shields with a rebound.
4:51 of 2nd period - Slapshot by Matt Jones.
4:51 of 2nd period - Shot Misses the Net.
4:53 of 2nd period - Slapshot by Andy Greene.
4:53 of 2nd period - Stopped by Steve Shields without a rebound.
4:54 of 2nd period - Maksim Mayorov wins face-off versus Dustin Boyd in National zone.
5:08 of 2nd period - Wrist shot by Guillaume Desbiens.
5:08 of 2nd period - Shot Misses the Net.
5:10 of 2nd period - Snap shot by Guillaume Desbiens.
5:10 of 2nd period - Shot Blocked by Martin Grenier.
5:17 of 2nd period - Minor Penalty to Erik Gustafsson for Hooking.
5:18 of 2nd period - Rico Fata wins face-off versus Dustin Boyd in National zone.
5:58 of 2nd period - Wrist shot by Igor Makarov.
5:58 of 2nd period - Deflect By Guillaume Desbiens.
5:58 of 2nd period - Stopped by Barry Brust without a rebound.
5:58 of 2nd period - Major / Game Misconduct Penalty to Barry Brust for Unsportsmanlike conduct.
5:58 of 2nd period - Barry Brust is ejected from game.
5:58 of 2nd period - Jeff Glass enters game.
5:59 of 2nd period - Rico Fata wins face-off versus Tyler Bozak in River Rats zone.
6:06 of 2nd period - Backhand shot by Rico Fata.
6:06 of 2nd period - Shot Blocked by Andrej Meszaros.
6:08 of 2nd period - Slapshot by Jan Hejda.
6:08 of 2nd period - Stopped by Jeff Glass with a rebound.
6:10 of 2nd period - Snap shot by Rico Fata.
6:10 of 2nd period - Shot Blocked by Martin Grenier.
6:12 of 2nd period - Slapshot by Jan Hejda.
6:12 of 2nd period - Deflect By Rico Fata.
6:12 of 2nd period - Shot Misses the Net.
6:12 of 2nd period - Puck is out of play.
6:13 of 2nd period - Rico Fata wins face-off versus Tyler Bozak in River Rats zone.
6:14 of 2nd period - Slapshot by Jan Hejda.
6:14 of 2nd period - Shot Blocked by Lee Stempniak.
6:26 of 2nd period - Wrist shot by Tyler Bozak.
6:26 of 2nd period - Stopped by Steve Shields with a rebound.
6:50 of 2nd period - Andrej Meszaros is hit by Guillaume Desbiens and loses puck.
6:59 of 2nd period - Slapshot by Jan Hejda.
6:59 of 2nd period - Deflect By Guillaume Desbiens.
6:59 of 2nd period - Shot Blocked by Dustin Boyd.
6:59 of 2nd period - Puck is out of play.
7:00 of 2nd period - Tyler Bozak wins face-off versus Jonathan Cheechoo in River Rats zone.
7:13 of 2nd period - Icing by Lee Stempniak.
7:14 of 2nd period - Rico Fata wins face-off versus Tyler Bozak in River Rats zone.
7:17 of 2nd period - Penalty to Erik Gustafsson is over, Erik Gustafsson is back on ice.
7:31 of 2nd period - Slapshot by Jan Hejda.
7:31 of 2nd period - Stopped by Jeff Glass without a rebound.
7:32 of 2nd period - Jarod Palmer wins face-off versus Kyle Chipchura in River Rats zone.
7:33 of 2nd period - Snap shot by Rico Fata.
7:33 of 2nd period - Stopped by Jeff Glass with a rebound.
7:35 of 2nd period - Slapshot by Jan Hejda.
7:35 of 2nd period - Stopped by Jeff Glass with a rebound.
7:37 of 2nd period - Snap shot by Jarod Palmer.
7:37 of 2nd period - Shot Misses the Net.
7:39 of 2nd period - Slapshot by Rico Fata.
7:39 of 2nd period - Stopped by Jeff Glass without a rebound.
7:40 of 2nd period - Kyle Chipchura wins face-off versus Jarod Palmer in River Rats zone.
8:19 of 2nd period - Snap shot by Dustin Boyd.
8:19 of 2nd period - Shot Blocked by William Colbert.
8:51 of 2nd period - Lee Stempniak is hit by Cédric Lalonde-McNicoll and loses puck.
8:58 of 2nd period - Guillaume Desbiens is hit by Martin Grenier and loses puck.
9:53 of 2nd period - Kyle Chipchura is hit by Philip DeSimone and loses puck.
10:06 of 2nd period - Dustin Boyd is hit by Mathieu Carle and loses puck.
10:35 of 2nd period - Tyler Bozak is hit by Dustin Kohn and loses puck.
10:51 of 2nd period - Kyle Chipchura is hit by Yuri Alexandrov and loses puck.
10:58 of 2nd period - Penalty to Jonathan Ericsson is over, Jonathan Ericsson is back on ice.
11:01 of 2nd period - Off-side.
11:02 of 2nd period - James Marcou wins face-off versus Dustin Boyd in neutral zone.
11:29 of 2nd period - Wrist shot by Tyler Bozak.
11:29 of 2nd period - Stopped by Steve Shields with a rebound.
13:04 of 2nd period - Snap shot by Tyler Bozak.
13:04 of 2nd period - Stopped by Steve Shields with a rebound.
13:06 of 2nd period - Wrist shot by Brett Maclean.
13:06 of 2nd period - Deflect By Dustin Kohn.
13:06 of 2nd period - Shot Misses the Net.
13:06 of 2nd period - Puck is out of play.
13:07 of 2nd period - Tyler Bozak wins face-off versus Peter Leblanc in National zone.
13:10 of 2nd period - Slapshot by Brett Maclean.
13:10 of 2nd period - Shot Blocked by James Marcou.
13:16 of 2nd period - Daniel Rahimi is hit by Andrej Meszaros and loses puck.
13:33 of 2nd period - Guillaume Desbiens is hit by Lee Stempniak and loses puck.
15:13 of 2nd period - Maksim Mayorov is hit by Bryan Bickell and loses puck.
15:31 of 2nd period - Off-side.
15:32 of 2nd period - Peter Leblanc wins face-off versus Kyle Chipchura in neutral zone.
15:41 of 2nd period - Slapshot by Matt Jones.
15:41 of 2nd period - Shot Blocked by Erik Gustafsson.
15:43 of 2nd period - Snap shot by Jesse Joensuu.
15:43 of 2nd period - Stopped by Steve Shields without a rebound.
15:44 of 2nd period - Dustin Boyd wins face-off versus Jarod Palmer in National zone.
15:59 of 2nd period - Lee Stempniak is hit by Jarod Palmer and loses puck.
16:10 of 2nd period - William Colbert is hit by Tyler Bozak and loses puck.
16:41 of 2nd period - Snap shot by Igor Makarov.
16:41 of 2nd period - Stopped by Jeff Glass with a rebound.
17:26 of 2nd period - Yuri Alexandrov is hit by Vladimir Orszagh and loses puck.
17:45 of 2nd period - James Marcou is hit by Benn Ferriero and loses puck.
17:52 of 2nd period - Jonathan Cheechoo is hit by Benn Ferriero and loses puck.
18:06 of 2nd period - Minor Penalty to William Colbert for Tripping.
18:07 of 2nd period - Dustin Boyd wins face-off versus Rico Fata in National zone.
18:14 of 2nd period - Wrist shot by Dustin Boyd.
18:14 of 2nd period - Goal by Dustin Boyd - National : 0 - River Rats : 3.
18:15 of 2nd period - Jonathan Cheechoo wins face-off versus Dustin Boyd in neutral zone.
18:18 of 2nd period - Slapshot by William Colbert.
18:18 of 2nd period - Shot Blocked by Lee Stempniak.
18:40 of 2nd period - Brett Maclean is hit by Cédric Lalonde-McNicoll and loses puck.
18:45 of 2nd period - Slapshot by Guillaume Desbiens.
18:45 of 2nd period - Shot Misses the Net.
19:13 of 2nd period - Jay Beagle is hit by Igor Makarov and loses puck.
19:42 of 2nd period - Niklas Hjalmarsson is hit by Ty Wishart and loses puck.

3rd period


0:01 of 3rd period - Jarod Palmer wins face-off versus Dustin Boyd in neutral zone.
0:10 of 3rd period - Slapshot by Dustin Boyd.
0:10 of 3rd period - Shot Misses the Net.
0:16 of 3rd period - Snap shot by Rico Fata.
0:16 of 3rd period - Deflect By Jonathan Cheechoo.
0:16 of 3rd period - Stopped by Jeff Glass without a rebound.
0:17 of 3rd period - Tyler Bozak wins face-off versus Cédric Lalonde-McNicoll in River Rats zone.
0:29 of 3rd period - Icing by Jan Hejda.
0:30 of 3rd period - Cédric Lalonde-McNicoll wins face-off versus Dustin Boyd in National zone.
0:35 of 3rd period - Slapshot by William Colbert.
0:35 of 3rd period - Shot Blocked by Jonathan Ericsson.
0:37 of 3rd period - Snap shot by William Colbert.
0:37 of 3rd period - Shot Blocked by Jonathan Ericsson.
0:45 of 3rd period - Slapshot by Jan Hejda.
0:45 of 3rd period - Shot Misses the Net.
0:47 of 3rd period - Wrist shot by Guillaume Desbiens.
0:47 of 3rd period - Shot Blocked by Andrej Meszaros.
0:49 of 3rd period - Wrist shot by Guillaume Desbiens.
0:49 of 3rd period - Deflect By Maksim Mayorov.
0:49 of 3rd period - Shot Blocked by Andrej Meszaros.
0:49 of 3rd period - Puck is out of play.
0:50 of 3rd period - Jarod Palmer wins face-off versus Tyler Bozak in River Rats zone.
1:21 of 3rd period - Slapshot by Jan Hejda.
1:21 of 3rd period - Stopped by Jeff Glass with a rebound.
1:29 of 3rd period - Wrist shot by Mikael Renberg.
1:29 of 3rd period - Goal by Mikael Renberg - National : 0 - River Rats : 4.
1:30 of 3rd period - Dustin Boyd wins face-off versus Jonathan Cheechoo in neutral zone.
1:39 of 3rd period - Slapshot by Rico Fata.
1:39 of 3rd period - Stopped by Jeff Glass without a rebound.
1:40 of 3rd period - Dustin Boyd wins face-off versus Jarod Palmer in River Rats zone.
1:40 of 3rd period - Dustin Boyd is hit by Jonathan Cheechoo.
1:58 of 3rd period - Snap shot by Dustin Boyd.
1:58 of 3rd period - Shot Misses the Net.
2:04 of 3rd period - Slapshot by Jan Hejda.
2:04 of 3rd period - Shot Blocked by Dustin Boyd.
2:06 of 3rd period - Slapshot by Jarod Palmer.
2:06 of 3rd period - Stopped by Jeff Glass without a rebound.
2:07 of 3rd period - Tyler Bozak wins face-off versus Cédric Lalonde-McNicoll in River Rats zone.
2:18 of 3rd period - Slapshot by Guillaume Desbiens.
2:18 of 3rd period - Shot Misses the Net.
3:03 of 3rd period - Snap shot by Jonathan Cheechoo.
3:03 of 3rd period - Deflect By Dustin Boyd.
3:03 of 3rd period - Shot Blocked by Dustin Boyd.
3:03 of 3rd period - Puck is out of play.
3:04 of 3rd period - Dustin Boyd wins face-off versus Cédric Lalonde-McNicoll in River Rats zone.
3:06 of 3rd period - Minor Penalty to Dustin Boyd for Roughing.
3:07 of 3rd period - Jarod Palmer wins face-off versus Kyle Chipchura in River Rats zone.
3:10 of 3rd period - Slapshot by Jan Hejda.
3:10 of 3rd period - Stopped by Jeff Glass without a rebound.
3:11 of 3rd period - Kyle Chipchura wins face-off versus Jarod Palmer in River Rats zone.
3:20 of 3rd period - Slapshot by Jan Hejda.
3:20 of 3rd period - Shot Misses the Net.
3:22 of 3rd period - Wrist shot by Jan Hejda.
3:22 of 3rd period - Deflect By Niklas Hjalmarsson.
3:22 of 3rd period - Stopped by Jeff Glass with a rebound.
3:36 of 3rd period - Snap shot by Guillaume Desbiens.
3:36 of 3rd period - Shot Misses the Net.
3:44 of 3rd period - Wrist shot by Jan Hejda.
3:44 of 3rd period - Deflect By Guillaume Desbiens.
3:44 of 3rd period - Stopped by Jeff Glass without a rebound.
3:45 of 3rd period - Kyle Chipchura wins face-off versus Jarod Palmer in River Rats zone.
4:10 of 3rd period - Martin Grenier is hit by Cédric Lalonde-McNicoll and loses puck.
4:15 of 3rd period - Slapshot by Jan Hejda.
4:15 of 3rd period - Stopped by Jeff Glass without a rebound.
4:16 of 3rd period - Maksim Mayorov wins face-off versus Lee Stempniak in River Rats zone.
4:23 of 3rd period - Slapshot by William Colbert.
4:23 of 3rd period - Shot Blocked by Jonathan Ericsson.
4:53 of 3rd period - Wrist shot by William Colbert.
4:53 of 3rd period - Stopped by Jeff Glass without a rebound.
4:54 of 3rd period - Tyler Bozak wins face-off versus Jarod Palmer in River Rats zone.
5:06 of 3rd period - Penalty to Dustin Boyd is over, Dustin Boyd is back on ice.
5:19 of 3rd period - Slapshot by Andy Greene.
5:19 of 3rd period - Shot Blocked by Rico Fata.
5:21 of 3rd period - Snap shot by Matt Jones.
5:21 of 3rd period - Shot Misses the Net.
5:23 of 3rd period - Snap shot by Jay Beagle.
5:23 of 3rd period - Shot Misses the Net.
5:43 of 3rd period - Snap shot by Guillaume Desbiens.
5:43 of 3rd period - Deflect By Cédric Lalonde-McNicoll.
5:43 of 3rd period - Shot Blocked by Jonathan Ericsson.
5:43 of 3rd period - Puck is out of play.
5:44 of 3rd period - Cédric Lalonde-McNicoll wins face-off versus Tyler Bozak in River Rats zone.
5:45 of 3rd period - Slapshot by Jan Hejda.
5:45 of 3rd period - Shot Misses the Net.
5:47 of 3rd period - Wrist shot by Cédric Lalonde-McNicoll.
5:47 of 3rd period - Goal by Cédric Lalonde-McNicoll - National : 1 - River Rats : 4.
5:48 of 3rd period - Jarod Palmer wins face-off versus Dustin Boyd in neutral zone.
5:55 of 3rd period - Slapshot by Jan Hejda.
5:55 of 3rd period - Shot Misses the Net.
5:57 of 3rd period - Snap shot by Jonathan Cheechoo.
5:57 of 3rd period - Goal by Jonathan Cheechoo - National : 2 - River Rats : 4.
5:58 of 3rd period - Dustin Boyd wins face-off versus Rico Fata in neutral zone.
6:07 of 3rd period - Backhand shot by Dustin Boyd.
6:07 of 3rd period - Stopped by Steve Shields with a rebound.
6:50 of 3rd period - Benn Ferriero is hit by Dustin Kohn and loses puck.
7:19 of 3rd period - Cédric Lalonde-McNicoll is hit by Martin Grenier.
7:41 of 3rd period - Igor Makarov is hit by Tyler Bozak and loses puck.
8:00 of 3rd period - Slapshot by William Colbert.
8:00 of 3rd period - Shot Blocked by Kyle Chipchura.
8:02 of 3rd period - Snap shot by Jonathan Cheechoo.
8:02 of 3rd period - Stopped by Jeff Glass with a rebound.
8:18 of 3rd period - Guillaume Desbiens is hit by Vladimir Orszagh and loses puck.
8:42 of 3rd period - Icing by Cédric Lalonde-McNicoll.
8:43 of 3rd period - Cédric Lalonde-McNicoll wins face-off versus Dustin Boyd in National zone.
9:09 of 3rd period - Off-side.
9:10 of 3rd period - Dustin Boyd wins face-off versus Philip DeSimone in neutral zone.
9:35 of 3rd period - Guillaume Desbiens is hit by Niklas Hjalmarsson and loses puck.
10:21 of 3rd period - Slapshot by Matt Jones.
10:21 of 3rd period - Stopped by Steve Shields with a rebound.
11:37 of 3rd period - Off-side.
11:38 of 3rd period - Dustin Boyd wins face-off versus Philip DeSimone in neutral zone.
11:45 of 3rd period - Slapshot by Andy Greene.
11:45 of 3rd period - Shot Misses the Net.
12:03 of 3rd period - Maksim Mayorov is hit by Benn Ferriero and loses puck.
13:05 of 3rd period - Wrist shot by Jay Beagle.
13:05 of 3rd period - Shot Blocked by Rico Fata.
13:32 of 3rd period - Maksim Mayorov is hit by Jonathan Ericsson and loses puck.
13:53 of 3rd period - Ty Wishart is hit by Andrej Meszaros and loses puck.
14:14 of 3rd period - Igor Makarov is hit by Vladimir Orszagh.
14:37 of 3rd period - Icing by Jesse Joensuu.
14:38 of 3rd period - Philip DeSimone wins face-off versus Kyle Chipchura in River Rats zone.
14:53 of 3rd period - Slapshot by Andy Greene.
14:53 of 3rd period - Stopped by Steve Shields with a rebound.
14:55 of 3rd period - Slapshot by Matt Jones.
14:55 of 3rd period - Stopped by Steve Shields with a rebound.
14:57 of 3rd period - Slapshot by Matt Jones.
14:57 of 3rd period - Shot Blocked by Philip DeSimone.
14:59 of 3rd period - Snap shot by Matt Jones.
14:59 of 3rd period - Shot Blocked by Philip DeSimone.
15:01 of 3rd period - Slapshot by Matt Jones.
15:01 of 3rd period - Deflect By Trent Hunter.
15:01 of 3rd period - Shot Misses the Net.
15:01 of 3rd period - Puck is out of play.
15:02 of 3rd period - Cédric Lalonde-McNicoll wins face-off versus Dustin Boyd in National zone.
15:13 of 3rd period - Slapshot by Jan Hejda.
15:13 of 3rd period - Stopped by Jeff Glass with a rebound.
15:15 of 3rd period - Wrist shot by Cédric Lalonde-McNicoll.
15:15 of 3rd period - Shot Misses the Net.
15:17 of 3rd period - Wrist shot by Cédric Lalonde-McNicoll.
15:17 of 3rd period - Deflect By Guillaume Desbiens.
15:17 of 3rd period - Stopped by Jeff Glass without a rebound.
15:18 of 3rd period - Benn Ferriero wins face-off versus Jarod Palmer in River Rats zone.
15:25 of 3rd period - Wrist shot by Martin Grenier.
15:25 of 3rd period - Goal by Martin Grenier - National : 2 - River Rats : 5.
15:26 of 3rd period - Dustin Boyd wins face-off versus Jarod Palmer in neutral zone.
15:51 of 3rd period - Tyler Bozak is hit by Guillaume Desbiens and loses puck.
16:16 of 3rd period - Wrist shot by Rico Fata.
16:16 of 3rd period - Shot Misses the Net.
16:18 of 3rd period - Slapshot by Philip DeSimone.
16:18 of 3rd period - Shot Blocked by Jonathan Ericsson.
16:20 of 3rd period - Slapshot by William Colbert.
16:20 of 3rd period - Stopped by Jeff Glass without a rebound.
16:21 of 3rd period - Dustin Boyd wins face-off versus Jarod Palmer in River Rats zone.
16:34 of 3rd period - Snap shot by Rico Fata.
16:34 of 3rd period - Stopped by Jeff Glass with a rebound.
16:44 of 3rd period - Dustin Boyd is hit by Maksim Mayorov and loses puck.
16:51 of 3rd period - Cédric Lalonde-McNicoll is hit by Jonathan Ericsson and loses puck.
17:00 of 3rd period - Snap shot by Dustin Boyd.
17:00 of 3rd period - Goal by Dustin Boyd - National : 2 - River Rats : 6.
17:01 of 3rd period - Jarod Palmer wins face-off versus Tyler Bozak in neutral zone.
17:06 of 3rd period - Slapshot by Rico Fata.
17:06 of 3rd period - Shot Hit the Post.
17:08 of 3rd period - Slapshot by William Colbert.
17:08 of 3rd period - Deflect By Jonathan Cheechoo.
17:08 of 3rd period - Stopped by Jeff Glass with a rebound.
17:10 of 3rd period - Snap shot by Jonathan Cheechoo.
17:10 of 3rd period - Shot Blocked by Niklas Hjalmarsson.
17:12 of 3rd period - Wrist shot by Jonathan Cheechoo.
17:12 of 3rd period - Shot Blocked by Tyler Bozak.
17:14 of 3rd period - Slapshot by William Colbert.
17:14 of 3rd period - Stopped by Jeff Glass with a rebound.
17:16 of 3rd period - Slapshot by William Colbert.
17:16 of 3rd period - Stopped by Jeff Glass with a rebound.
17:34 of 3rd period - Snap shot by Guillaume Desbiens.
17:34 of 3rd period - Deflect By Maksim Mayorov.
17:34 of 3rd period - Shot Blocked by Mikael Renberg.
17:34 of 3rd period - Puck is out of play.
17:35 of 3rd period - Jarod Palmer wins face-off versus Dustin Boyd in River Rats zone.
17:44 of 3rd period - Dustin Boyd is hit by Jarod Palmer and loses puck.
18:05 of 3rd period - Slapshot by Bryan Bickell.
18:05 of 3rd period - Shot Blocked by Guillaume Desbiens.
18:31 of 3rd period - Wrist shot by Trent Hunter.
18:31 of 3rd period - Deflect By Jan Hejda.
18:31 of 3rd period - Stopped by Steve Shields without a rebound.
18:32 of 3rd period - Peter Leblanc wins face-off versus Dustin Boyd in National zone.
18:41 of 3rd period - Snap shot by Jonathan Cheechoo.
18:41 of 3rd period - Deflect By James Marcou.
18:41 of 3rd period - Shot Misses the Net.
18:41 of 3rd period - Puck is out of play.
18:42 of 3rd period - Peter Leblanc wins face-off versus Dustin Boyd in River Rats zone.
18:44 of 3rd period - Dustin Boyd beats up William Colbert.
18:44 of 3rd period - Penalty to Dustin Boyd for Fighting.
18:44 of 3rd period - Penalty to William Colbert for Fighting.
18:44 of 3rd period - Penalty to Dustin Boyd for instigated a fight.
18:44 of 3rd period - Penalty to Dustin Boyd for instigated a fight.
18:45 of 3rd period - Jarod Palmer wins face-off versus Kyle Chipchura in River Rats zone.
18:52 of 3rd period - Backhand shot by Rico Fata.
18:52 of 3rd period - Shot Misses the Net.
18:54 of 3rd period - Wrist shot by Jonathan Cheechoo.
18:54 of 3rd period - Stopped by Jeff Glass with a rebound.
18:56 of 3rd period - Slapshot by Jonathan Cheechoo.
18:56 of 3rd period - Goal by Jonathan Cheechoo - National : 3 - River Rats : 6.
18:57 of 3rd period - Jarod Palmer wins face-off versus Bryan Bickell in neutral zone.
19:04 of 3rd period - Wrist shot by Rico Fata.
19:04 of 3rd period - Stopped by Jeff Glass without a rebound.
19:05 of 3rd period - Jarod Palmer wins face-off versus Bryan Bickell in River Rats zone.
19:54 of 3rd period - Slapshot by Martin Grenier.
19:54 of 3rd period - Stopped by Steve Shields with a rebound.


Output by the SimonT Hockey Simulator (STHS) for François Prévost -- Original Page W3C XHTML 1.0 Valid
Hockey Simulator - Hockey Simulation - Hockey Manager